 Dungeon Crawl Stone Soup version 0.31-a0-1074-g0b22e4e0f1 (webtiles) character file.

Game seed: 12185885304904122917

643 tbh1313 the Cudgeller (level 7, -4/70 HPs)
             Began as an Ogre Berserker on Nov 28, 2023.
             Was a Believer of Trog.
             Splashed by a jelly's acid (9 damage)
             ... on level 4 of the Dungeon.
             The game lasted 00:05:13 (2521 turns).

tbh1313 the Cudgeller (Ogre Berserker)              Turns: 2521, Time: 00:05:14

Health: -4/70      AC: -11   Str: 24    XL:     7   Next: 51%
Magic:  7/7        EV: 12    Int:  8    God:    Trog [**....]
Gold:   164        SH:  0    Dex: 14    Spells: 6/6 levels left

rFire   + . .        e - +1 whip (venom)
rCold   + . .        (no shield)
rNeg    + . .        p - +2 robe {rC+ rF+}
rPois   .            (helmet restricted)
rElec   .            (no cloak)
rCorr   .            (gloves unavailable)
SInv    .            (boots unavailable)
Will    .....        (no amulet)
Stlth   +            i - ring of positive energy
HPRegen 0.31/turn    k - +6 ring of dexterity
MPRegen 0.10/turn

%: no passive effects
@: corroded
A: large, unfitting armour, tough skin 1
a: Renounce Religion, Berserk, Trog's Hand


You were on level 4 of the Dungeon.
You worshipped Trog.
Trog was pleased with you.
You visited 1 branch of the dungeon, and saw 4 of its levels.

You collected 164 gold pieces.

Inventory:

Hand Weapons
 e - a +1 whip of venom (weapon)
Missiles
 a - 5 javelins (quivered)
Armour
 b - a +0 animal skin
 p - a +2 robe of resistance (worn)
Jewellery
 i - a ring of positive energy (left hand)
 k - a +6 ring of dexterity (right hand)
Scrolls
 d - a scroll of teleportation
 m - 3 scrolls of enchant weapon
Potions
 c - a potion of haste {unknown}
 f - 2 potions of lignification
 g - a potion of attraction {unknown}
 h - a potion of degeneration {unknown}
 j - a potion of enlightenment {unknown}
 l - a potion of mutation {unknown}
 n - 3 potions of curing {unknown}
 o - a potion of heal wounds {unknown}
 q - a potion of brilliance {unknown}


   Skills:
 - Level 4.0 Fighting
 + Level 6.1 Maces & Flails
 + Level 5.4 Dodging


You had 6 spell levels left.
You didn't know any spells.
Your spell library was empty.

Dungeon Overview and Level Annotations

Branches:
Dungeon (4/15)
 Temple: D:4-7

Altars:
Okawaru


Innate Abilities, Weirdness & Mutations

You are too large for most types of armour.
You have tough skin. (AC +1)


Message History

You are too injured to fight recklessly!
You are too injured to fight recklessly!
You are too injured to fight recklessly!
You are too injured to fight recklessly!
You are too injured to fight recklessly!
You are too injured to fight recklessly!
You are too injured to fight recklessly!
You are too injured to fight recklessly!
You are too injured to fight recklessly!
You are too injured to fight recklessly!
You are too injured to fight recklessly!
You are too injured to fight recklessly!
You hit the jelly but do no damage.
Your hands burn!
The jelly is moderately wounded.
The jelly completely misses you.
You hit the jelly. The acid corrodes you!
Your hands burn!
The jelly is severely wounded.
The jelly hits you. The acid corrodes you!
You are splashed with acid.
You barely miss the jelly.
The jelly is severely wounded.
The jelly barely misses you.
You hit the jelly but do no damage.
Your hands burn!
The jelly is severely wounded.
You hit the jelly but do no damage.
Your hands burn!
The jelly is severely wounded.
The jelly barely misses you.
You hit the jelly but do no damage.
The jelly is poisoned.
Your hands burn!
The jelly is severely wounded.
The jelly hits you. The acid corrodes you!
You are splashed with acid!
* * * LOW HITPOINT WARNING * * *
You barely miss the jelly.
The jelly is severely wounded.
The jelly hits you.
* * * LOW HITPOINT WARNING * * *
You are splashed with acid!
* * * LOW HITPOINT WARNING * * *
The jelly attacks as it pursues you! The jelly hits you.
* * * LOW HITPOINT WARNING * * *
You are splashed with acid!
You die...

#.......# #.......#
#.......#
########.......##+##
..........##+#......
..........# :.....
..........# ......
..........####......
..##+#.....@J.......
. #......†.).....
#..............
#.............#
.....#####.....#
#..... .....+ #...<.
.....# #..... ....#
##. ....+


You could see a jelly (very poisoned).

Levels and vault maps discovered:
D:1:      lemuel_arrival_rhombus, layout_rooms, minmay_tree_intersection,
          dreamdust_princess_bridge
D:2:      layout_basic, basic_altar, minmay_strange_pillars, hex_medium,
          fountainhead
D:3:      layout_loops_ring, shapermc_ecumenical_altar_notcrosses, uniq_jessica,
          uniq_grinder, uniq_sigmund
D:4:      layout_gridville, mainiacjoe_overflow_surrounded_room, minivault_27

Notes
Turn   | Place    | Note
-------+----------+-------------------------------------------
     0 | D:1      | tbh1313 the Ogre Berserker began the quest for the Orb.
     0 | D:1      | Reached XP level 1. HP: 24/24 MP: 1/1
    82 | D:1      | Reached skill level 3 in Maces & Flails
    89 | D:1      | Reached XP level 2. HP: 16/32 MP: 2/2
   409 | D:1      | Reached XP level 3. HP: 39/39 MP: 3/3
   471 | D:2      | Found an iron altar of Okawaru.
   489 | D:2      | Reached ** piety under Trog
   835 | D:2      | Reached skill level 4 in Maces & Flails
  1362 | D:3      | Reached XP level 4. HP: 48/48 MP: 4/4
  1475 | D:3      | Noticed a kobold brigand
  1487 | D:3      | Killed a kobold brigand
  1488 | D:3      | Reached XP level 5. HP: 48/54 MP: 5/5
  1638 | D:3      | Found a faded altar of an unknown god.
  1638 | D:3      | Noticed Jessica
  1647 | D:3      | Killed Jessica
  1845 | D:3      | Noticed Grinder
  1864 | D:3      | Paralysed by Grinder for 5 turns
  1874 | D:3      | Paralysed by Grinder for 3 turns
  1879 | D:3      | Killed Grinder
  1880 | D:3      | Reached skill level 5 in Maces & Flails
  1880 | D:3      | Reached XP level 6. HP: 15/62 MP: 6/6
  2165 | D:3      | Noticed Sigmund
  2178 | D:3      | Killed Sigmund
  2179 | D:3      | Reached skill level 5 in Dodging
  2179 | D:3      | Reached XP level 7. HP: 70/70 MP: 7/7
  2410 | D:4      | Reached skill level 6 in Maces & Flails
  2520 | D:4      | HP: 6/70 [acid (8)]
  2521 | D:4      | Splashed by a jelly's acid

Table legend: (Time is in decaauts)
 A = Elapsed time spent in this place.
 B = Non-inter-level travel time spent in this place.
 C = Inter-level travel time spent in this place.
 D = Time resting spent in this place.
 E = Time spent auto-exploring this place.
 F = Levels seen in this place.
 G = Mean time per level.
                   A        B        C        D        E       F      G
               +--------+--------+--------+--------+--------+-----+--------+
         Total |   2528 |   2465 |     63 |    572 |   1417 |   4 |  632.0 |
       Dungeon |   2528 |   2465 |     63 |    572 |   1417 |   4 |  632.0 |
               +--------+--------+--------+--------+--------+-----+--------+

Top non-repeatable levels by time:
     D:3: 1060 daAuts
     D:2: 864 daAuts
     D:1: 439 daAuts
     D:4: 163 daAuts

Table legend:
 A = Kills in this place as a percentage of kills in the entire game.
 B = Kills by you in this place as a percentage of kills by you in the entire game.
 C = Kills by friends in this place as a percentage of kills by friends in the entire game.
 D = Other kills in this place as a percentage of other kills in the entire game.
 E = Experience gained in this place as a percentage of experience gained in the entire game.
 F = Experience gained in this place divided by the number of levels of this place that you have seen.
                   A       B       C       D       E      F
               +-------+-------+-------+-------+-------+----------------------
         Total | 100.0 | 100.0 |   N/A |   N/A | 100.0 | 229.8
       Dungeon | 100.0 | 100.0 |   N/A |   N/A | 100.0 | 229.8
               +-------+-------+-------+-------+-------+----------------------

Action                     |  1- 3 |  4- 6 |  7- 9 || total
---------------------------+-------+-------+-------++-------
  Melee: Whip              |   101 |    83 |    39 ||   223
         Mace              |     6 |       |       ||     6
         Punch             |       |     1 |       ||     1
  Throw: Javelin           |     2 |       |       ||     2
 Invoke: Berserk           |       |     3 |       ||     3
         Trog's Hand       |       |     1 |       ||     1
    Use: Scroll            |     5 |     1 |       ||     6
   Stab: Sleeping          |     1 |       |       ||     1
 Armour: Animal skin       |    47 |    20 |       ||    67
         Robe              |       |    30 |    15 ||    45
  Dodge: Dodged            |    47 |    33 |    24 ||   104

Vanquished Creatures
  Grinder (D:3)
  Sigmund (D:3)
  A kobold brigand (D:3)
  A scorpion (D:4)
  A hound (D:4)
  Jessica (D:3)
  2 adders
  3 dart slugs
  12 orcs (D:3)
  A ball python (D:2)
  3 bats
  13 endoplasms
  4 giant cockroaches
  A goblin (D:1)
  4 hobgoblins
  6 jackals (D:1)
  3 kobolds
  2 quokkas
  2 frilled lizards
  8 rats
70 creatures vanquished.
